Map: Chantier naval orbital

Players

AgCl - Winner!

  • Race: Protoss Protoss
  • League: Grandmaster

glhf

  • Race: Terran Terran
  • League: Grandmaster

VOD

Have the link to the VOD?

Description

Time

  • Played on: June 11, 2015, 7:15 p.m.
  • Length: 6:15
Show
View Real Time Build Order
Export as new Build Order

AgCl Protoss - Winner!

Build Orders:  

Get SALT Encoding   

  13  0:13  Pylon  
  12  0:15  Probe  
  13  0:26  Assimilator  
  13  0:37  Gateway  
  13  0:39  Probe  
  14  0:51  Probe  
  15  1:03  Probe  
  16  1:12  Pylon  
  16  1:15  Probe  
  17  1:27  Cybernetics Core, Probe  
  17  1:30  Zealot (Chrono Boost)  
  20  1:39  Probe  
  21  1:46  Forge  
  21  1:52  Probe  
  22  2:00  Mothership Core, Adept  
  22  2:08  Warp Gate (Chrono Boost)  
  26  2:15  Assimilator  
  25  2:32  Photon Cannon  
  25  2:35  Probe  
  26  2:46  Pylon  
  26  2:51  Probe (Chrono Boost)  
  27  3:01  Probe (Chrono Boost)  
  28  3:05  Photon Cannon  
  29  3:12  Pylon  
  29  3:15  Photon Cannon  
  25  3:25  Stargate  
  25  3:40  Nexus  
  25  3:55  Gateway  
  25  3:58  Probe (Chrono Boost)  
  26  4:11  Adept  
  26  4:12  Probe (Chrono Boost)  
  28  4:26  Pylon  
  28  4:27  Pylon  
  28  4:41  Gateway  
  28  4:44  Oracle (Chrono Boost)  
  31  4:49  Adept  
  33  4:53  Adept  
  35  5:05  Pylon  
  35  5:12  Adept  
  37  5:26  Pylon  
  35  5:35  Adept x2  
  30  5:50  Probe (Chrono Boost)  
  30  5:55  Probe (Chrono Boost)  
  32  5:57  Adept x2  
  32  6:00  Probe (Chrono Boost)  
  32  6:04  Probe (Chrono Boost)  
Show
View Real Time Build Order
Export as new Build Order

glhf Terran 

Build Orders:  

Get SALT Encoding   

  12  0:08  Supply Depot  
  12  0:32  Barracks  
  12  0:35  Refinery  
  12  0:50  Barracks  
  12  0:56  SCV  
  13  1:09  SCV  
  14  1:21  Orbital Command  
  14  1:26  Reaper  
  15  1:37  Supply Depot  
  15  1:44  Reaper  
  16  1:50  SCV  
  17  2:00  Reaper  
  18  2:03  SCV  
  19  2:15  SCV  
  20  2:24  Reaper  
  21  2:37  SCV  
  21  2:42  Command Center  
  22  2:49  SCV  
  23  2:55  Supply Depot  
  22  3:01  SCV  
  23  3:20  Reaper x2  
  25  3:34  Bunker  
  25  3:35  Supply Depot  
  25  3:36  Supply Depot  
  25  3:50  SCV  
  25  3:52  Refinery  
  26  4:05  SCV  
  27  4:26  SCV, Engineering Bay  
  28  4:33  Orbital Command  
  28  4:55  Marine x2  
  28  4:57  Barracks  
  28  4:58  Barracks  
  30  5:01  Missile Turret  
  29  5:16  Marine x2  
  13  5:45  SCV  
  13  5:46  SCV, Marine  
  13  5:47  Marine x3  
Tags
 
Add a new tag
Caveats
  • Supply blocks, unpowered buildings, or Contaminate may cause inaccurate times.
  • Supply counts are checked every 10 seconds.